Map: Temple gelé

Players

zidar

  • Race: Zerg Zerg
  • League: Platinum
  • Spawn Location: 11:00

Prophet - Winner!

  • Race: Protoss Protoss
  • League: Gold
  • Spawn Location: 5:00

VOD

Have the link to the VOD?

Description

Time

  • Played on: Nov. 3, 2016, 4 p.m.
  • Length: 14:21
Show
View Real Time Build Order
Export as new Build Order

zidar Zerg 

Build Orders: Hatch First 

Get SALT Encoding   

  12  0:01  Drone  
  13  0:12  Overlord  
  13  0:18  Drone  
  14  0:30  Drone x2  
  16  0:53  Hatchery  
  16  0:55  Drone  
  16  0:58  Extractor  
  15  1:07  Drone  
  16  1:20  Spawning Pool  
  16  1:22  Drone  
  16  1:27  Drone  
  17  1:34  Drone  
  18  1:45  Drone  
  19  1:57  Evolution Chamber  
  18  2:08  Queen  
  18  2:09  Queen  
  18  2:15  Metabolic Boost  
  21  2:30  Drone x3  
  21  2:31  Drone  
  21  2:34  Drone  
  26  2:47  Zergling x4  
  28  2:54  Overlord  
  28  3:23  Zergling x6  
  31  3:30  Zergling x6  
  31  3:31  Zergling x2  
  35  3:44  Overlord  
  35  3:45  Overlord x2  
  29  4:49  Zergling x12  
  29  4:50  Zergling x10  
  37  5:10  Pneumatized Carapace  
  37  5:47  Zergling x24  
  34  7:01  Roach Warren  
  34  7:03  Zergling x2  
  34  7:04  Zergling x28  
  48  7:13  Overlord  
  48  7:14  Overlord x2  
  44  8:02  Roach x2  
  44  8:03  Roach x11  
  69  8:36  Drone x7  
  69  8:37  Drone x5  
  81  8:53  Hatchery  
  81  8:55  Lair  
  80  8:58  Extractor  
  80  9:01  Ravager x5  
  84  9:05  Overlord x2  
  84  9:06  Overlord x2  
  84  9:07  Overlord  
  84  9:25  Extractor, Drone x2  
  84  9:26  Extractor, Drone x3  
  87  9:31  Zerg Missile Weapons Level 1  
  64  10:04  Overseer  
  58  10:42  Hatchery  
  57  10:48  Roach x6  
  57  10:49  Zergling x10  
  64  11:17  Roach x5  
  74  11:22  Ravager  
  75  11:47  Queen  
  75  11:49  Drone x5  
  82  12:01  Lair  
  82  12:19  Queen  
  84  12:28  Queen  
  86  12:39  Roach  
  86  12:43  Drone  
  89  12:47  Drone  
  90  13:11  Drone x5  
  63  13:52  Roach x9  
  78  13:58  Ravager x4  
Show
View Real Time Build Order
Export as new Build Order

Prophet Protoss - Winner!

Build Orders: 1 Gate Expand 

Get SALT Encoding   

  12  0:03  Probe (Chrono Boost)  
  14  0:14  Probe (Chrono Boost)  
  14  0:21  Pylon  
  14  0:29  Probe (Chrono Boost)  
  15  0:40  Gateway  
  15  0:47  Assimilator  
  15  0:49  Probe (Chrono Boost)  
  16  1:01  Probe (Chrono Boost)  
  17  1:15  Probe (Chrono Boost)  
  18  1:27  Nexus  
  18  1:30  Probe (Chrono Boost)  
  19  1:45  Cybernetics Core  
  19  1:47  Zealot (Chrono Boost)  
  19  1:51  Probe (Chrono Boost)  
  22  1:57  Assimilator  
  22  2:03  Probe  
  23  2:12  Pylon  
  23  2:31  Mothership Core (Chrono Boost)  
  25  2:49  Warp Gate (Chrono Boost)  
  25  2:53  Probe (Chrono Boost)  
  25  2:56  Probe (Chrono Boost)  
  27  3:03  Probe (Chrono Boost), Twilight Council  
  28  3:06  Probe (Chrono Boost)  
  29  3:13  Pylon  
  29  3:14  Probe (Chrono Boost)  
  29  3:16  Probe (Chrono Boost)  
  31  3:25  Probe x2  
  32  3:32  Robotics Facility  
  33  3:35  Gateway  
  33  3:36  Probe  
  33  3:37  Probe  
  33  3:40  Gateway  
  35  3:45  Resonating Glaives  
  35  3:46  Probe  
  36  3:57  Probe  
  37  4:03  Adept  
  39  4:11  Pylon  
  39  4:15  Pylon  
  39  4:19  Probe  
  39  4:23  Probe  
  41  4:25  Warp Prism  
  41  4:30  Adept, Probe  
  41  4:31  Adept x2  
  49  4:35  Probe  
  45  4:47  Probe  
  44  5:14  Probe  
  45  5:22  Forge  
  45  5:24  Gateway  
  45  5:25  Probe  
  45  5:26  Gateway  
  46  5:29  Gateway  
  46  5:33  Gateway, Immortal  
  50  5:36  Probe (Chrono Boost)  
  50  5:41  Probe (Chrono Boost)  
  52  5:48  Probe (Chrono Boost)  
  53  5:52  Probe (Chrono Boost)  
  53  5:53  Assimilator  
  53  5:55  Assimilator  
  54  5:58  Probe (Chrono Boost)  
  54  6:03  Protoss Ground Weapons Level 1 (Chrono Boost)  
  55  6:09  Probe  
  56  6:13  Photon Cannon  
  56  6:17  Photon Cannon  
  56  6:21  Photon Cannon  
  56  6:39  Adept x3  
  56  6:40  Adept x4  
  58  6:50  Probe  
  59  6:58  Probe  
  59  7:00  Probe  
  61  7:10  Probe  
  61  7:11  Probe  
  61  7:12  Pylon  
  63  7:18  Pylon  
  63  7:21  Probe, Pylon  
  63  7:22  Probe  
  65  7:32  Probe  
  65  7:34  Probe  
  67  7:42  Probe  
  67  7:44  Dark Shrine  
  68  7:46  Probe  
  68  7:47  Adept x4  
  68  7:50  Adept  
  79  7:53  Probe  
  79  7:58  Probe  
  81  8:03  Probe  
  82  8:10  Probe  
  81  8:36  Immortal  
  85  8:45  Protoss Ground Armor Level 1 (Chrono Boost)  
  85  9:02  Dark Templar x4  
  93  9:12  Pylon  
  93  9:18  Pylon  
  93  9:25  Nexus  
  82  10:08  Protoss Ground Weapons Level 2 (Chrono Boost)  
  74  10:25  Stalker x4  
  74  10:26  Stalker x3  
  88  10:30  Immortal (Chrono Boost)  
  92  10:37  Probe  
  93  10:47  Probe  
  94  10:57  Pylon  
  94  10:58  Probe  
  94  11:00  Sentry x4, Pylon  
  103  11:04  Adept x2  
  103  11:05  Immortal (Chrono Boost)  
  103  11:08  Probe  
  112  11:19  Probe  
  112  11:23  Pylon  
  112  11:25  Probe, Pylon  
  113  11:29  Probe  
  115  11:33  Dark Templar x2, Assimilator  
  115  11:36  Assimilator  
  115  11:38  Probe, Archon  
  120  11:40  Probe x2  
  122  11:50  Probe x2  
  122  11:52  Probe  
  125  11:55  Dark Templar  
  125  11:56  Dark Templar  
  125  12:01  Probe, Archon  
  129  12:02  Probe, Protoss Ground Armor Level 2  
  129  12:04  Probe  
  129  12:07  Immortal (Chrono Boost)  
  136  12:12  Probe  
  136  12:14  Probe  
  138  12:16  Probe  
  139  12:23  Probe  
  139  12:28  Probe  
  141  12:31  Dark Templar x2  
  141  12:32  Pylon  
  141  12:33  Probe  
  141  12:35  Pylon  
  146  12:38  Pylon  
  146  12:39  Charge (Chrono Boost)  
  146  12:40  Pylon  
  146  13:10  Nexus, Dark Templar x2  
  146  13:11  Dark Templar x2  
  154  13:13  Pylon  
  154  13:15  Archon x3  
  154  13:16  Pylon  
  154  13:19  Pylon  
Tags
 
Add a new tag
Caveats
  • Supply blocks, unpowered buildings, or Contaminate may cause inaccurate times.
  • Supply counts are checked every 10 seconds.